 Dungeon Crawl Stone Soup version 0.30.1-4-g462c640d31 (webtiles) character file.

Game seed: 9056260120164352239

40167 Peloso the Fencer (level 13, -5/122 HPs)
             Began as a Minotaur Fighter on Aug 23, 2023.
             Was a High Priest of Okawaru.
             Killed from afar by a deep elf pyromancer (20 damage)
             ... with a bolt of fire
             ... on level 12 of the Dungeon.
             The game lasted 00:39:22 (17765 turns).

Peloso the Fencer (Minotaur Fighter)               Turns: 17765, Time: 00:39:22

Health: -5/122     AC: 25    Str: 23      XL:     13   Next: 73%
Magic:  12/12      EV: 11    Int:  3 (4)  God:    Okawaru [*****.]
Gold:   1397       SH: 14    Dex: 21      Spells: 12/12 levels left

rFire   . . .        a - +5 scimitar (flame)
rCold   . . .        d - +0 kite shield
rNeg    + . .        W - +4 chain mail "Bihic" {Str+3 Dex+5 SInv}
rPois   +            X - +2 hat {SInv}
rElec   .            F - +2 ratskin cloak {*Rats rPois rN+ Str-1 Int-1 Dex+1}
rCorr   .            D - +1 pair of gloves
SInv    +            (no boots)
Will    +....        (no amulet) Stlth
                     y - ring of see invisible
HPRegen 0.40/turn    k - ring of willpower
MPRegen 0.13/turn

%: no passive effects
@: no status effects
A: horns 2, retaliatory headbutt
a: Renounce Religion, Heroism, Finesse, Duel


You were on level 12 of the Dungeon.
You worshipped Okawaru.
Okawaru was extremely pleased with you.
You visited 3 branches of the dungeon, and saw 18 of its levels.
You also visited: Sewer and Bailey.

You collected 1397 gold pieces.

Inventory:

Hand Weapons
 a - a +5 scimitar of flaming (weapon)
 b - a +5 scimitar of freezing
 c - the +6 dagger of Gallantry {antimagic, rCorr Str+2 Dex+3 Stlth-}
   (You found it on level 3 of the Lair of Beasts)

   Str:       It affects your strength (+2).
   Dex:       It affects your dexterity (+3).
   rCorr:     It protects you from acid and corrosion.
   Stlth:     It makes you less stealthy.
Armour
 d - a +0 kite shield (worn)
 e - a +1 plate armour of positive energy
 D - a +1 pair of gloves (worn)
 F - the +2 ratskin cloak (worn) {*Rats rPois rN+ Str-1 Int-1 Dex+1}
   (You found it on level 5 of the Dungeon)

   *Rats:     When the wearer is hurt, rats may emerge from it to assist them.
   Str:       It affects your strength (-1).
   Int:       It affects your intelligence (-1).
   Dex:       It affects your dexterity (+1).
   rPois:     It protects you from poison.
   rN:        It protects you from negative energy.
 W - the +4 chain mail "Bihic" (worn) {Str+3 Dex+5 SInv}
   (Okawaru gifted it to you on level 2 of the Lair of Beasts)

   Str:       It affects your strength (+3).
   Dex:       It affects your dexterity (+5).
   SInv:      It lets you see invisible.
 X - a +2 hat of see invisible (worn)
Jewellery
 f - a +5 ring of evasion
 g - an amulet of magic regeneration
 j - a ring of fire
 k - a ring of willpower (right hand)
 l - a +6 ring of strength
 q - a ring of magical power
 y - a ring of see invisible (left hand)
 A - a +5 ring of evasion
 Y - a ring of ice
Wands
 C - a wand of paralysis (11)
 K - a wand of iceblast (8)
 L - a wand of mindburst (3)
 M - a wand of flame (46)
 R - a wand of digging (5)
 Z - a wand of polymorph (4)
Scrolls
 h - 4 scrolls of poison
 i - a scroll of identify
 m - 2 scrolls of fog
 n - 10 scrolls of teleportation
 p - a scroll of blinking
 r - a scroll of vulnerability {unknown}
 s - 4 scrolls of enchant armour
 t - 2 scrolls of fear
 u - 3 scrolls of enchant weapon
 v - a scroll of acquirement
 w - 2 scrolls of magic mapping
 x - 2 scrolls of amnesia
 G - a scroll of brand weapon {unknown}
 H - 3 scrolls of torment {unknown}
 U - 2 scrolls of immolation {unknown}
Potions
 o - 3 potions of flight
 z - 2 potions of lignification
 E - 2 potions of mutation
 I - 2 potions of brilliance
 J - 3 potions of haste
 N - 2 potions of magic {unknown}
 O - 3 potions of heal wounds
 Q - 4 potions of curing
 S - 2 potions of cancellation {unknown}
 T - 3 potions of resistance
 V - 4 potions of berserk rage


   Skills:
 + Level 13.2 Fighting
 + Level 15.8 Long Blades
 + Level 13.4 Armour
 + Level 4.9 Dodging
 + Level 3.3 Stealth
 + Level 14.2 Shields
 + Level 0.3 Invocations
 + Level 1.8 Evocations


You had 12 spell levels left.
You didn't know any spells.
Your spell library contained the following spells:

 Spells                   Type           Power      Damage    Failure   Level
 Apportation              Tloc           0%         N/A       98%         1
 Necrotise                Necr           0%         1d4       98%         1
 Cigotuvi's Dreadful Rot  Necr/Pois/Air  0%         N/A       99%         2
 Sublimation of Blood     Necr           0%         N/A       99%         2
 Wereblood                Tmut           0%         N/A       99%         2
 Frozen Ramparts          Ice            0%         1d1       100%        3
 Gell's Gravitas          Tloc           0%         N/A       100%        3
 Ignite Poison            Fire/Tmut/Pois 0%         N/A       100%        3
 Teleport Other           Tloc           0%         N/A       100%        3
 Vhi's Electric Charge    Tloc/Air       0%         N/A       100%        3
 Anguish                  Hex/Necr       0%         N/A       100%        4
 Cause Fear               Hex            0%         N/A       100%        4
 Ice Form                 Ice/Tmut       0%         N/A       100%        4
 Leda's Liquefaction      Hex/Erth       0%         N/A       100%        4
 Passage of Golubria      Tloc           0%         N/A       100%        4
 Arcjolt                  Conj/Air       0%         1d10      100%        5
 Freezing Cloud           Conj/Ice/Air   0%         6-21      100%        5
 Lee's Rapid Deconstruct  Erth           0%         3d4*      100%        5
 Yara's Violent Unravell  Hex/Tmut       0%         3d3       100%        5
 Dispersal                Tloc           0%         N/A       100%        6
 Statue Form              Tmut/Erth      0%         N/A       100%        6
 Enfeeble                 Hex            0%         N/A       100%        7
 Maxwell's Capacitive Co  Air            0%         ∞         100%        8
 Summon Small Mammal      Summ           Unusable   N/A       N/A         1
 Tukima's Dance           Hex            Unusable   N/A       N/A         3
 Animate Dead             Necr           Unusable   N/A       N/A         4
 Summon Ice Beast         Ice/Summ       Unusable   N/A       N/A         4
 Death Channel            Necr           Unusable   N/A       N/A         6
 Spellforged Servitor     Conj/Summ      Unusable   N/A       N/A         7
 Summon Hydra             Summ           Unusable   N/A       N/A         7

Dungeon Overview and Level Annotations

Branches:
Dungeon (12/15)            Temple (1/1) D:7            Lair (5/5) D:11
 Shoals (0/4) Lair:2        Snake (0/4) Lair:3          Orc (0/2) D:10
  Sewer (visited)          Bailey (visited)
  Slime: Lair:4-5

Altars:
Ashenzari
Cheibriados
Dithmenos
Elyvilon
Hepliaklqana
Makhleb
Okawaru
Qazlal
Ru
Sif Muna
Trog
Uskayaw
Vehumet
Wu Jian
Xom
Yredelemnul
Zin
The Shining One

Shops:
D:4 *   D:6 (

Annotations:
D:3 2 transporters, zxspectator's ghost, amateur GrFi
D:5 2 transporters, kr3s1m1r's ghost, novice MeFi


Innate Abilities, Weirdness & Mutations

You have a pair of horns on your head.
You reflexively headbutt those who attack you in melee.


Message History

The fire elemental hits you. The fire elemental burns you!
You closely miss the fire elemental.
The fire elemental is moderately damaged.
The fire elemental hits you. The fire elemental burns you!
You block the fire elemental's attack. You block the fire elemental's attack.
The fire elemental hits you. The fire elemental burns you!
* * * LOW HITPOINT WARNING * * *
The fire elemental hits you. The fire elemental burns you!
* * * LOW HITPOINT WARNING * * *
You block the fire elemental's attack.
The deep elf pyromancer hits you but does no damage.
You hit the deep elf pyromancer. You burn the deep elf pyromancer.
The deep elf pyromancer is lightly wounded.
You block the fire elemental's attack. x2
Unknown command.
You barely miss the deep elf pyromancer.
The deep elf pyromancer is lightly wounded.
You block the fire elemental's attack.
The deep elf pyromancer barely misses you.
You furiously retaliate!
You headbutt the deep elf pyromancer. You block the fire elemental's attack.
Unknown command.
You closely miss the deep elf pyromancer.
The deep elf pyromancer is lightly wounded.
The fire elemental barely misses you. x2; The deep elf pyromancer misses you.
You slash the deep elf pyromancer! You burn the deep elf pyromancer.
You headbutt the deep elf pyromancer!
The deep elf pyromancer is severely wounded.
The fire elemental hits you. The fire elemental burns you!
* * * LOW HITPOINT WARNING * * *
The fire elemental hits you. The fire elemental burns you!
* * * LOW HITPOINT WARNING * * *
You block the deep elf pyromancer's attack.
You closely miss the deep elf pyromancer.
The deep elf pyromancer is severely wounded.
You block the fire elemental's attack. The fire elemental barely misses you.
The deep elf pyromancer casts a spell at you.
The bolt of fire hits you!!
You die...

.................................
.................................
...................)).....)......
...................).°........°..
......######.....##############K.
......# #.....+ #.. ......#
#.....# #.. ......# #...E.# #..
....).# #...E@# #.. ......#
#..))e# #.. ......# #..(..# #..
......# #.....+ #.. ......#
#.....# #.. ......# #.....# #..
......# ##†#### ......#
#..○.y.T.. ......# #.........


You could see a deep elf pyromancer and 2 fire elementals.

Vanquished Creatures
  Gastronok (Lair:2)
  Azrael (D:12)
  Snorg (D:12)
  Fannar (Lair:2)
  Harold (D:10)
  3 hydras
  A two-headed ogre (D:9)
  Erica (D:9)
  A catoblepas (Lair:2)
  A boulder beetle (Lair:4)
  3 death yaks (D:11)
  Urug (Lair:3)
  Lodul (D:11)
  2 orc knights (Bailey)
  A deep elf pyromancer (D:12)
  A lindwurm (Lair:5)
  An oklob plant (Lair:3)
  An ugly thing (D:12)
  9 elephants
  A manticore (D:11)
  3 cyclopes
  Joseph (D:10)
  4 black mambas
  Maggie (Lair:2)
  A torpor snail (Lair:4)
  An unseen horror (D:10)
  A gargoyle (D:12)
  8 cane toads
  A kobold demonologist (D:12)
  3 komodo dragons
  A rime drake (Lair:4)
  5 trolls
  Prince Ribbit (D:5)
  A hornet (D:10)
  7 slime creatures
  2 shadows
  Sigmund (D:4)
  2 wraiths (D:12)
  A spriggan (Lair:4)
  2 wyverns
  4 fire elementals (D:12)
  26 yaks
  A steam dragon (D:10)
  2 vampire mosquitoes (D:12)
  Edmund (D:4)
  11 water moccasins
  An acid dragon (D:9)
  3 hell hounds (D:12)
  13 orc warriors
  A black bear (Lair:2)
  An ice beast (D:8)
  A sky beast (D:5)
  3 wolves (Lair:3)
  10 ogres
  5 centaurs
  4 kobold brigands
  10 bullfrogs
  3 gnoll sergeants
  2 scorpions (D:5)
  10 wights
  7 killer bees
  10 howler monkeys
  2 hounds
  2 jellies
  3 orc priests
  2 sleepcaps (D:6)
  5 iguanas
  5 orc wizards
  Natasha (D:3)
  11 gnolls
  3 river rats (Sewer)
  10 adders
  2 ufetubi
  A worm (D:2)
  3 dart slugs
  52 orcs
  4 endoplasms
  4 giant cockroaches
  9 goblins
  10 hobgoblins
  4 jackals
  4 quokkas
  7 ball pythons
  6 bats
  7 frilled lizards
  14 kobolds
  12 rats
392 creatures vanquished.

Vanquished Creatures (collateral kills)
  An orc warrior (Bailey)
1 creature vanquished.

Grand Total: 393 creatures vanquished

Notes
Turn   | Place    | Note
-------+----------+-------------------------------------------
     0 | D:1      | Peloso the Minotaur Fighter began the quest for the Orb.
     0 | D:1      | Reached XP level 1. HP: 19/19 MP: 0/0
   150 | D:1      | Reached XP level 2. HP: 21/27 MP: 1/1
   387 | D:1      | Found a faded altar of an unknown god.
   629 | D:2      | Reached skill level 3 in Long Blades
   940 | D:2      | Reached XP level 3. HP: 33/33 MP: 2/2
  1629 | D:3      | Found a transporter.
  1629 | D:3      | Noticed zxspectator's ghost (amateur GrFi)
  1630 | D:3      | Found a transporter.
  1631 | D:3      | Noticed an ogre
  1708 | D:3      | Noticed an ogre
  1722 | D:3      | Killed an ogre
  1723 | D:3      | Reached skill level 4 in Long Blades
  1723 | D:3      | Reached skill level 1 in Dodging
  1723 | D:3      | Reached XP level 4. HP: 17/41 MP: 3/3
  1746 | D:3      | Found a glowing drain.
  1749 | D:3      | Reached XP level 5. HP: 27/47 MP: 4/4
  1757 | Sewer    | Entered a sewer
  2034 | Sewer    | Reached skill level 5 in Fighting
  2218 | Sewer    | Reached XP level 6. HP: 38/56 MP: 5/5
  2368 | Sewer    | Reached skill level 5 in Long Blades
  2368 | Sewer    | Reached skill level 5 in Armour
  2368 | Sewer    | Reached skill level 5 in Shields
  3163 | D:3      | Noticed Natasha
  3168 | D:3      | Killed Natasha
  3480 | D:4      | Noticed Edmund
  3501 | D:4      | Killed Edmund
  3502 | D:4      | Reached XP level 7. HP: 25/61 MP: 6/6
  3755 | D:4      | Found Dume's Gadget Gallery.
  3771 | D:4      | Reached skill level 6 in Long Blades
  4028 | D:5      | Entered Level 5 of the Dungeon
  4040 | D:5      | Found the +2 ratskin cloak {*Rats rPois rN+ Str-1 Int-1
                  | Dex+1}
  4043 | D:5      | Noticed Sigmund
  4384 | D:4      | Killed Sigmund
  4748 | D:5      | Reached XP level 8. HP: 69/70 MP: 7/7
  4833 | D:5      | Reached skill level 7 in Long Blades
  4935 | D:5      | Noticed Prince Ribbit
  4954 | D:5      | Killed Prince Ribbit
  5112 | D:5      | Found a transporter.
  5112 | D:5      | Noticed kr3s1m1r's ghost (novice MeFi)
  5113 | D:5      | Found a transporter.
  5622 | D:6      | Reached skill level 8 in Long Blades
  5992 | D:6      | Identified the +0 robe of Gallantry {+Blink rCorr Int-3
                  | Stlth-}
  6122 | D:6      | Reached skill level 9 in Long Blades
  6398 | D:6      | Found Aholauca's Weapon Boutique.
  6445 | D:7      | Reached XP level 9. HP: 38/78 MP: 8/8
  6554 | D:7      | Reached skill level 1 in Stealth
  6646 | D:7      | Reached skill level 10 in Long Blades
  6646 | D:7      | Reached skill level 1 in Evocations
  6825 | D:7      | Found a flagged portal.
  6838 | Bailey   | Entered a bailey
  6973 | Bailey   | Reached skill level 11 in Long Blades
  7123 | Bailey   | Noticed an orc knight
  7150 | Bailey   | Killed an orc knight
  7151 | Bailey   | Reached XP level 10. HP: 49/88 MP: 9/9
  7436 | Bailey   | Noticed an orc knight
  7473 | Bailey   | Killed an orc knight
  7745 | D:7      | Found a staircase to the Ecumenical Temple.
  7798 | D:7      | Got the Elucidation of Productive Debased Spells
  7981 | Temple   | Entered the Ecumenical Temple
  8008 | Temple   | Became a worshipper of Warmaster Okawaru
  8567 | D:8      | Found a hide-covered altar of Uskayaw.
  8568 | D:8      | Found a bloodstained altar of Trog.
  8571 | D:8      | Found a shadowy altar of Dithmenos.
  8815 | D:9      | Reached * piety under Okawaru
  9788 | D:10     | Entered Level 10 of the Dungeon
  9788 | D:10     | Noticed a two-headed ogre
  9804 | D:9      | Reached skill level 12 in Long Blades
  9815 | D:9      | Killed a two-headed ogre
  9815 | D:9      | Reached ** piety under Okawaru
  9832 | D:9      | Reached XP level 11. HP: 63/97 MP: 10/10
  9870 | D:10     | Noticed Harold
 10032 | D:10     | Noticed Erica
 10298 | D:9      | Killed Erica
 10298 | D:9      | Reached *** piety under Okawaru
 10299 | D:9      | Reached skill level 10 in Armour
 10403 | D:10     | Reached skill level 10 in Shields
 10423 | D:10     | Killed Harold
 10425 | D:10     | Reached **** piety under Okawaru
 10515 | D:10     | Found a staircase to the Orcish Mines.
 10523 | D:10     | Noticed Joseph
 10543 | D:10     | Killed Joseph
 10762 | D:10     | Reached skill level 13 in Long Blades
 11157 | D:11     | Noticed a death yak
 11158 | D:11     | Noticed a death yak
 11168 | D:11     | Noticed a death yak
 11178 | D:11     | Killed a death yak
 11429 | D:11     | Noticed Lodul
 11448 | D:11     | Killed Lodul
 11449 | D:11     | Reached skill level 10 in Fighting
 11627 | D:11     | Found a staircase to the Lair.
 11893 | D:10     | Reached ***** piety under Okawaru
 11894 | D:10     | Reached skill level 14 in Long Blades
 11972 | D:11     | Reached XP level 12. HP: 105/106 MP: 11/11
 12130 | D:11     | Killed a death yak
 12140 | D:11     | Killed a death yak
 12140 | D:11     | Received a gift from Okawaru
 12577 | Lair:1   | Entered Level 1 of the Lair of Beasts
 13472 | Lair:2   | Noticed Gastronok
 13502 | Lair:2   | Killed Gastronok
 13510 | Lair:2   | Identified the +4 chain mail "Bihic" {Str+3 Dex+5 SInv}
                  | (Okawaru gifted it to you on level 2 of the Lair of Beasts)
 13510 | Lair:2   | Received a gift from Okawaru
 13640 | Lair:2   | Noticed a four-headed hydra
 13646 | Lair:2   | Killed a one-headed hydra
 13668 | Lair:2   | Found a staircase to the Shoals.
 13770 | Lair:2   | Noticed a catoblepas
 13781 | Lair:2   | Killed a catoblepas
 13907 | Lair:2   | Noticed a seven-headed hydra
 13916 | Lair:2   | Killed a three-headed hydra
 14001 | Lair:2   | Noticed Fannar
 14015 | Lair:2   | Killed Fannar
 14152 | Lair:2   | Noticed Maggie
 14180 | Lair:2   | Killed Maggie
 14468 | Lair:3   | Reached skill level 15 in Long Blades
 14570 | Lair:3   | Reached XP level 13. HP: 56/118 MP: 12/12
 14840 | Lair:3   | Found a staircase to the Snake Pit.
 15110 | Lair:3   | Noticed Urug
 15115 | Lair:3   | Killed Urug
 15120 | Lair:3   | Identified the +6 dagger of Gallantry {antimagic, rCorr
                  | Str+2 Dex+3 Stlth-}
 15145 | Lair:3   | Identified a scroll of acquirement
 15233 | Lair:3   | Received a gift from Okawaru
 15718 | Lair:3   | Identified the +5 quarterstaff of Mandamus {freeze, rC+
                  | rN+}
 17154 | Lair:5   | Entered Level 5 of the Lair of Beasts
 17300 | D:12     | Noticed Azrael
 17342 | D:12     | Killed Azrael
 17723 | D:12     | Noticed Snorg
 17747 | D:12     | Killed Snorg
 17765 | D:12     | Killed from afar by a deep elf pyromancer

Illustrated notes

Levels and vault maps discovered:
D:1:      beargit_arrival_greenhouse, layout_rooms,
          ebering_ecumenical_altar_webs, nicolae_concentric_dashed_squares_wild
D:2:      layout_loops_corners
D:3:      layout_basic, portal_sewer_entry_d, gammafunk_ghost_smash,
          uniq_natasha
D:4:      minmay_evil_eye, layout_rooms, nicolae_shop_gadgets, uniq_edmund
D:5:      layout_loops_ring, gammafunk_ghost_mausoleum, uniq_prince_ribbit1,
          uniq_sigmund
D:6:      layout_loops_ring, serial_shops, nicolae_shop_waterfront
D:7:      layout_gridville, minmay_temple_entry_statues_pillars, enter_bailey_3,
          hangedman_decor_riveting, skrybe_limestone_x
D:8:      layout_basic, gammafunk_temple_overflow_forgotten
D:9:      layout_irregular_city
D:10:     layout_cave_pools, david_orc_3, uniq_erica, uniq_harold, uniq_joseph
D:11:     layout_roguey, dpeg_lair_monsters, uniq_lodul
D:12:     layout_gridville, grunt_ministairs_4, uniq_nessos, uniq_azrael,
          uniq_snorg
Temple:   compressed_dpeg_triangle_lava_temple
Lair:1:   layout_cave_pods, grunt_megastairs_5
Lair:2:   layout_loops_ring, minmay_shoals_entry_centaurs, uniq_fannar,
          uniq_maggie, uniq_gastronok
Lair:3:   layout_gridlike, minmay_snake_entry_six_corridors,
          minmay_lair_oklob_bushes, uniq_urug
Lair:4:   layout_hall_layers, grunt_forest_large_clearing_hut
Lair:5:   evilmike_catoblepas_cave, layout_regular_city,
          dpeg_slime_entry_enclosed, hangedman_lair_unloving_vines,
          infiniplex_staircase_pool_2

Skill      XL: |  1  2  3  4  5  6  7  8  9 10 11 12 13 |
---------------+----------------------------------------+-----
Armour         | 4 5 6 7 8 9 11 12 13 | 13.4
Long Blades    | 3 4 5 6 9 11 12 14 15 | 15.8
Fighting       | 4 5 6 7 9 10 12 13 | 13.2
Dodging        | 1 2 3 4 |  4.9
Shields        | 4 5 6 7 8 9 11 12 14 | 14.2
Stealth        | 1 2 3 |  3.3
Evocations     | 1 |  1.8
Invocations    | |  0.3

Action                     |  1- 3 |  4- 6 |  7- 9 | 10-12 | 13-15 || total
---------------------------+-------+-------+-------+-------+-------++-------
  Melee: Long sword        |    79 |   201 |   320 |   108 |       ||   708
         Headbutt          |     7 |    40 |    67 |   156 |    82 ||   352
         Scimitar          |       |       |       |   462 |   217 ||   679
         Dagger            |       |       |       |       |    62 ||    62
 Invoke: Heroism           |       |       |       |     2 |     3 ||     5
  Evoke: Wand              |       |       |    18 |     2 |       ||    20
    Use: Scroll            |     4 |       |     6 |     6 |     6 ||    22
         Potion            |     2 |     2 |     4 |       |       ||     8
   Stab: Paralysed         |       |       |       |    12 |       ||    12
 Armour: Scale mail        |    25 |       |       |       |       ||    25
         Chain mail        |    11 |    73 |    71 |    82 |   142 ||   379
         Plate armour      |       |       |    17 |   179 |       ||   196
         Skin              |       |       |       |     1 |       ||     1
  Dodge: Dodged            |    41 |   107 |   149 |   182 |   116 ||   595
  Block: Buckler           |     7 |       |       |       |       ||     7
         Kite shield       |    29 |   117 |   191 |   363 |   211 ||   911
